3R
ORLANDO MAGIC @ QUEBEC ROOKIES
08/10/2034
 
TOP OF THE 1ST
Orlando Magic batting - Pitching for Quebec Rookies : RHP Pancho Medellín
Pitching: RHP Pancho Medellín
Batting: RHB Beco Bnard 0-0: Ball
1-0: Called Strike
1-1: SINGLE (Line Drive, 89S)
Batting: RHB Ted Norman 0-0: SINGLE (Groundball, 56D)
Beco Bnard to second
Batting: RHB Dave Thomas 0-0: Ball
1-0: Called Strike
1-1: Ball
2-1: Ball
3-1: SINGLE (Line Drive, 6MD)
Beco Bnard to third
Ted Norman to second
Batting: RHB J.J. Holmes 0-0: Foul Ball, location: 2F
0-1: Foul Ball, location: 2F
0-2: Ball
1-2: Ball
2-2: Grounds into double play, 6-4-3 (Groundball, 6)
Beco Bnard scores
Ted Norman to third
Batting: RHB Adrián Xirau 0-0: Fly out, F6 (Popup, 4M)
Top of the 1st over - 1 run, 3 hits, 0 errors, 1 left on base; Orlando 1 - Quebec 0
BOTTOM OF THE 1ST
Quebec Rookies batting - Pitching for Orlando Magic : RHP Greg Hoover
Pitching: RHP Greg Hoover
Batting: RHB Punisa Tukovic 0-0: Ball
1-0: Ball
2-0: Ball
3-0: Called Strike
3-1: Fly out, F6 (Line Drive, 56)
Batting: RHB Jesús Gómez 0-0: Ground out 6-3 (Groundball, 6S)
Batting: LHB Keith Pick 0-0: Ball
1-0: Ball
2-0: Ball
3-0: Called Strike
3-1: Reached on error, E6 (Groundball, 6)
Batting: SHB Marx Vink 0-0: Ball
1-0: Called Strike
1-1: Ground out U3 (Groundball, 3)
Bottom of the 1st over - 0 runs, 0 hits, 1 error, 1 left on base; Orlando 1 - Quebec 0
TOP OF THE 2ND
Orlando Magic batting - Pitching for Quebec Rookies : RHP Pancho Medellín
Batting: LHB Abraham Ruenuitz 0-0: Swinging Strike
0-1: Ball
1-1: Swinging Strike
1-2: Foul Ball, location: 2F
1-2: Ball
2-2: Ball
3-2: Strikes out looking
Batting: SHB Borisav Aleksic 0-0: Foul Ball, location: 2F
0-1: Called Strike
0-2: Ball
1-2: Ball
2-2: Ball
3-2: Foul Ball, location: 2F
3-2: SINGLE (Groundball, 4D)
Batting: LHB Bradley Kemp 0-0: Foul Ball, location: 2F
0-1: Swinging Strike
0-2: Ball
1-2: Strikes out looking
Batting: RHB Michael Richardson 0-0: Called Strike
0-1: Fly out, F8 (Flyball, 8RM)
Top of the 2nd over - 0 runs, 1 hit, 0 errors, 1 left on base; Orlando 1 - Quebec 0
BOTTOM OF THE 2ND
Quebec Rookies batting - Pitching for Orlando Magic : RHP Greg Hoover
Batting: RHB António Sánchez 0-0: Ground out 4-3 (Groundball, 4)
Batting: LHB Arturo Durango 0-0: Foul Ball, location: 2F
0-1: Foul Ball, location: 2F
0-2: Ground out 1-3 (Groundball, P)
Batting: RHB Rien Provoost 0-0: Called Strike
0-1: Ground out 4-3 (Groundball, 4)
Bottom of the 2nd over - 0 runs, 0 hits, 0 errors, 0 left on base; Orlando 1 - Quebec 0
TOP OF THE 3RD
Orlando Magic batting - Pitching for Quebec Rookies : RHP Pancho Medellín
Batting: RHB Beco Bnard 0-0: Ball
1-0: Called Strike
1-1: Foul Ball, location: 2F
1-2: Strikes out swinging
Batting: RHB Ted Norman 0-0: Ball
1-0: Ball
2-0: Called Strike
2-1: Ball
3-1: Base on Balls
Batting: RHB Dave Thomas 0-0: Called Strike
0-1: Called Strike
0-2: DOUBLE (Line Drive, 78D)
Ted Norman to third
Batting: RHB J.J. Holmes 0-0: Called Strike
0-1: Called Strike
0-2: Foul Ball, location: 2F
0-2: Ball
1-2: Strikes out swinging
Batting: RHB Adrián Xirau 0-0: Ball
1-0: SINGLE (Groundball, 34D)
Ted Norman scores
Dave Thomas to third
Runner from 3rd tries for Home, SAFE, no throw
Batting: LHB Abraham Ruenuitz 0-0: Called Strike
Throwing error on steal attempt, E2
Adrián Xirau to third
0-1: Foul Ball, location: 2F
0-2: Strikes out looking
Top of the 3rd over - 2 runs, 2 hits, 1 error, 1 left on base; Orlando 3 - Quebec 0
BOTTOM OF THE 3RD
Quebec Rookies batting - Pitching for Orlando Magic : RHP Greg Hoover
Batting: RHB Albert Montoya 0-0: Fly out, F7 (Flyball, 7S)
Batting: RHB Joe Morris 0-0: Ball
1-0: Foul Ball, location: 2F
1-1: Ball
2-1: Swinging Strike
2-2: Strikes out looking
Batting: RHB Punisa Tukovic 0-0: Called Strike
0-1: Foul Ball, location: 2F
0-2: Ground out 4-3 (Groundball, 4)
Bottom of the 3rd over - 0 runs, 0 hits, 0 errors, 0 left on base; Orlando 3 - Quebec 0
TOP OF THE 4TH
Orlando Magic batting - Pitching for Quebec Rookies : RHP Pancho Medellín
Batting: SHB Borisav Aleksic 0-0: Called Strike
0-1: Called Strike
0-2: Strikes out swinging
Batting: LHB Bradley Kemp 0-0: Ball
1-0: Called Strike
1-1: Ball
2-1: Ball
3-1: Ground out 6-3 (Groundball, 6)
Batting: RHB Michael Richardson 0-0: Called Strike
0-1: Ground out 4-3 (Groundball, 34D)
Top of the 4th over - 0 runs, 0 hits, 0 errors, 0 left on base; Orlando 3 - Quebec 0
BOTTOM OF THE 4TH
Quebec Rookies batting - Pitching for Orlando Magic : RHP Greg Hoover
Batting: RHB Jesús Gómez 0-0: Ball
1-0: Ball
2-0: Ball
3-0: Base on Balls
Batting: LHB Keith Pick 0-0: Ball
1-0: Called Strike
1-1: Ball
2-1: SINGLE (Line Drive, 56)
Jesús Gómez to second
Batting: SHB Marx Vink 0-0: Ball
1-0: Ball
2-0: Called Strike
2-1: Called Strike
2-2: SINGLE (Flyball, 89M)
Jesús Gómez to third
Keith Pick to second
Runner from 3rd tries for Home, SAFE, no throw
Batting: RHB António Sánchez 0-0: Ball
1-0: DOUBLE (Line Drive, 7LM)
Keith Pick scores
Marx Vink to third
Runner from 3rd tries for Home, SAFE, no throw
Batting: LHB Arturo Durango 0-0: Foul Ball, location: 2F
0-1: Ground out 4-3 (Groundball, 4)
António Sánchez to third
Batting: RHB Rien Provoost 0-0: Foul Ball, location: 2F
0-1: Ball
Wild Pitch!
António Sánchez scores
1-1: Foul Ball, location: 2F
1-2: Ball
2-2: Ball
3-2: Fly out, F8 (Flyball, 8RS)
Batting: RHB Albert Montoya 0-0: Foul Ball, location: 2F
0-1: Called Strike
0-2: Ball
1-2: Ball
2-2: Ball
3-2: Fly out, F9 (Flyball, 9)
Bottom of the 4th over - 4 runs, 3 hits, 0 errors, 0 left on base; Orlando 3 - Quebec 4
TOP OF THE 5TH
Orlando Magic batting - Pitching for Quebec Rookies : RHP Pancho Medellín
Batting: RHB Beco Bnard 0-0: Ball
1-0: Swinging Strike
1-1: Ball
2-1: Foul Ball, location: 2F
2-2: Strikes out looking
Batting: RHB Ted Norman 0-0: Ground out 5-3 (Groundball, 56)
Batting: RHB Dave Thomas 0-0: Ball
1-0: Ball
2-0: Ball
3-0: Called Strike
3-1: Base on Balls
Batting: RHB J.J. Holmes 0-0: Ball
1-0: Called Strike
1-1: Foul Ball, location: 2F
1-2: Ball
2-2: SINGLE (Popup, 56S)
Dave Thomas to second
Batting: RHB Adrián Xirau 0-0: Called Strike
0-1: Foul Ball, location: 2F
0-2: Ground out U3 (Groundball, 3)
Top of the 5th over - 0 runs, 1 hit, 0 errors, 2 left on base; Orlando 3 - Quebec 4
BOTTOM OF THE 5TH
Quebec Rookies batting - Pitching for Orlando Magic : RHP Greg Hoover
Batting: RHB Joe Morris 0-0: Ball
1-0: Ball
2-0: Ball
3-0: Called Strike
3-1: Base on Balls
Batting: RHB Punisa Tukovic 0-0: Sac Bunt - play at first, batter OUT! 5-4
Joe Morris to second
Batting: RHB Jesús Gómez 0-0: Ball
1-0: Called Strike
1-1: SINGLE (Line Drive, 7LS)
Joe Morris to third
Batting: LHB Keith Pick 0-0: Called Strike
0-1: Ball
1-1: Reached on error, E3 (Groundball, 34S)
Joe Morris scores
Jesús Gómez to second
Batting: SHB Marx Vink 0-0: SINGLE (Line Drive, 4MD)
Jesús Gómez to third
Keith Pick to second
Batting: RHB António Sánchez 0-0: Ball
1-0: Called Strike
1-1: SINGLE (Flyball, 7LS)
Jesús Gómez scores
Keith Pick to third
Marx Vink to second
Pitching: RHP Marcos Córdova
Batting: LHB Arturo Durango 0-0: Foul Ball, location: 2F
0-1: Ball
1-1: Swinging Strike
1-2: Ball
2-2: Strikes out looking
Batting: RHB Rien Provoost 0-0: Ball
1-0: Called Strike
1-1: Called Strike
1-2: Strikes out looking
Bottom of the 5th over - 2 runs, 3 hits, 1 error, 3 left on base; Orlando 3 - Quebec 6
TOP OF THE 6TH
Orlando Magic batting - Pitching for Quebec Rookies : RHP Pancho Medellín
Batting: LHB Abraham Ruenuitz 0-0: Ball
1-0: Ground out 3-1 (Groundball, 34)
Batting: SHB Borisav Aleksic 0-0: Called Strike
0-1: Foul Ball, location: 2F
0-2: Ground out 4-3 (Groundball, 34)
Batting: LHB Bradley Kemp 0-0: Swinging Strike
0-1: Fly out, F8 (Line Drive, 8LXD)
Top of the 6th over - 0 runs, 0 hits, 0 errors, 0 left on base; Orlando 3 - Quebec 6
BOTTOM OF THE 6TH
Quebec Rookies batting - Pitching for Orlando Magic : RHP Marcos Córdova
Batting: RHB Albert Montoya 0-0: Foul Ball, location: 2F
0-1: Ball
1-1: Swinging Strike
1-2: Ball
2-2: Ball
3-2: Strikes out swinging
Batting: RHB Joe Morris 0-0: Ball
1-0: Called Strike
1-1: Ball
2-1: Fly out, F4 (Popup, 4MD)
Batting: RHB Punisa Tukovic 0-0: Ball
1-0: Foul Ball, location: 2F
1-1: Foul Ball, location: 2F
1-2: Foul Ball, location: 2F
1-2: Strikes out swinging
Bottom of the 6th over - 0 runs, 0 hits, 0 errors, 0 left on base; Orlando 3 - Quebec 6
TOP OF THE 7TH
Orlando Magic batting - Pitching for Quebec Rookies : RHP Pancho Medellín
Batting: RHB Michael Richardson 0-0: Called Strike
0-1: Ball
1-1: Called Strike
1-2: Fly out, F9 (Flyball, 9)
Batting: RHB Beco Bnard 0-0: Called Strike
0-1: Foul Ball, location: 2F
0-2: Ball
1-2: Ball
2-2: Foul Ball, location: 2F
2-2: Ball
3-2: Base on Balls
Batting: RHB Ted Norman Balk!
Beco Bnard to second
0-0: Foul Ball, location: 2F
0-1: Ground out 4-3 (Groundball, 4)
Beco Bnard to third
Pitching: LHP Fernando Perocier
Batting: RHB Dave Thomas 0-0: Ball
1-0: Ball
2-0: Called Strike
2-1: Fly out, F7 (Flyball, 7)
Top of the 7th over - 0 runs, 0 hits, 0 errors, 1 left on base; Orlando 3 - Quebec 6
BOTTOM OF THE 7TH
Quebec Rookies batting - Pitching for Orlando Magic : RHP Marcos Córdova
Batting: RHB Jesús Gómez 0-0: Foul Ball, location: 2F
0-1: Called Strike
0-2: Foul Ball, location: 2F
0-2: Fly out, F8 (Flyball, 8RM)
Batting: LHB Keith Pick 0-0: Ground out 4-3 (Groundball, 4)
Batting: SHB Marx Vink 0-0: Called Strike
0-1: Ball
1-1: Fly out, F9 (Flyball, 9D)
Bottom of the 7th over - 0 runs, 0 hits, 0 errors, 0 left on base; Orlando 3 - Quebec 6
TOP OF THE 8TH
Orlando Magic batting - Pitching for Quebec Rookies : LHP Fernando Perocier
Batting: RHB J.J. Holmes 0-0: Called Strike
0-1: Ball
1-1: Ball
2-1: Ball
3-1: Base on Balls
Batting: RHB Adrián Xirau 0-0: Called Strike
0-1: Swinging Strike
0-2: Strikes out swinging
Batting: LHB Abraham Ruenuitz 0-0: Foul Ball, location: 2F
0-1: Fielders Choice at 2nd, 4-6 (Groundball, 4)
Batting: SHB Borisav Aleksic 0-0: Called Strike
0-1: Ball
1-1: Swinging Strike
1-2: Foul Ball, location: 2F
1-2: Ball
2-2: Foul Ball, location: 2F
2-2: Ball
3-2: Base on Balls
Abraham Ruenuitz to second
Batting: LHB Bradley Kemp 0-0: Called Strike
0-1: Fly out, F7 (Flyball, 7LD)
Top of the 8th over - 0 runs, 0 hits, 0 errors, 2 left on base; Orlando 3 - Quebec 6
BOTTOM OF THE 8TH
Quebec Rookies batting - Pitching for Orlando Magic : RHP Marcos Córdova
Batting: RHB António Sánchez 0-0: Called Strike
0-1: Called Strike
0-2: Foul Ball, location: 2F
0-2: Foul Ball, location: 2F
0-2: Foul Ball, location: 2F
0-2: Ball
1-2: Strikes out swinging
Batting: LHB Arturo Durango 0-0: Called Strike
0-1: Ball
1-1: Fly out, F9 (Flyball, 89S)
Batting: RHB Rien Provoost 0-0: Called Strike
0-1: Foul Ball, location: 2F
0-2: Hit by Pitch
Batting: RHB Albert Montoya 0-0: Ball
1-0: Foul Ball, location: 2F
1-1: Ball
2-1: Swinging Strike
2-2: Strikes out swinging
Bottom of the 8th over - 0 runs, 0 hits, 0 errors, 1 left on base; Orlando 3 - Quebec 6
TOP OF THE 9TH
Orlando Magic batting - Pitching for Quebec Rookies : LHP Fernando Perocier
Pitching: RHP Doeke Steijn
Batting: RHB Michael Richardson 0-0: Ball
1-0: Fly out, F7 (Flyball, 7)
Batting: RHB Beco Bnard 0-0: Ball
1-0: Ball
2-0: Swinging Strike
2-1: Ball
3-1: Base on Balls
Batting: RHB Ted Norman 0-0: Ball
1-0: Ball
2-0: Called Strike
2-1: Foul Ball, location: 2F
2-2: Strikes out swinging
Batting: RHB Dave Thomas 0-0: Ball
1-0: Swinging Strike
1-1: Ball
2-1: TRIPLE (Flyball, 89XD)
Beco Bnard scores
Pinch Hitting: LHB Donald McJannett 0-0: Ball
1-0: Called Strike
1-1: Foul Ball, location: 2F
1-2: Strikes out swinging
Top of the 9th over - 1 run, 1 hit, 0 errors, 1 left on base; Orlando 4 - Quebec 6
Friday, March 29th, 2019 - OOTP Baseball 18.8 Build 76